 Dungeon Crawl Stone Soup version 0.19.0-2-gae57169 (webtiles) character file.

1445 PhynixH2O the Cleaver (level 8, -5/44 HPs)
             Began as a Vine Stalker Fighter on Nov 5, 2016.
             Slain by Prince Ribbit (8 damage)
             ... on level 6 of the Dungeon.
             The game lasted 00:31:53 (4700 turns).

PhynixH2O the Cleaver (Vine Stalker Fighter)        Turns: 4700, Time: 00:31:54

Health: -5/44      AC:  9    Str: 18    XL:     8   Next: 75%
Magic:  0/9        EV:  7    Int:  8    God:
Gold:   332        SH:  9    Dex: 17    Spells: 0 memorised, 7 levels left

rFire  . . .     SeeInvis .     a - +2 war axe
rCold  . . .     Gourm    .     b - +2 scale mail
rNeg   + . .     Faith    .     c - +0 shield
rPois  .         Spirit   +     (no helmet)
rElec  .         Reflect  .     (no cloak)
rCorr  .         Harm     .     o - +0 pair of gloves
MR     +....                    (no boots)
Stlth  +.........               (no amulet)
                                s - ring of positive energy
                                n - ring of stealth

@: no status effects
A: fangs 3, regeneration 1, magic shield, antimagic bite, no device heal 3, rot
immunity
a: no special abilities


You were on level 6 of the Dungeon.
You were not hungry.

You visited 1 branch of the dungeon, and saw 6 of its levels.

You collected 332 gold pieces.

Inventory:

Hand Weapons
 a - a +2 war axe (weapon)
Armour
 b - a +2 scale mail (worn)
 c - a +0 shield (worn)
 o - a +0 pair of gloves (worn)
Jewellery
 n - a ring of stealth (left hand)
 s - a ring of positive energy (right hand)
 v - the cursed necklace of Bloodlust {*Rage +Rage MR+ Int-3 Slay+3 *Curse}
   (You found it on level 5 of the Dungeon)

   [amulet of rage]

   It affects your intelligence (-3).
   It affects your accuracy and damage with ranged weapons and melee attacks
   (+3).
   It affects your resistance to hostile enchantments.
   It lets you go berserk.
   It may make you go berserk in combat.
   It may re-curse itself when equipped.
   It has a curse placed upon it.
 C - a +2 ring of intelligence {unknown}
Wands
 g - a wand of digging (8/24)
 p - a wand of confusion (22/48)
 t - a wand of slowing (27/48)
 A - a wand of polymorph (2/24)
Scrolls
 d - 2 scrolls of recharging {unknown}
 j - a scroll of immolation {unknown}
 r - 2 scrolls of identify
 u - 4 scrolls of remove curse
 x - a scroll of amnesia
Potions
 e - 4 potions of curing
 i - a potion of brilliance
 z - a potion of cancellation
Comestibles
 f - 2 bread rations
 h - 5 meat rations
 l - 3 fruits
 m - 2 chunks of flesh
 q - a beef jerky
 w - 5 slices of pizza


   Skills:
 + Level 6.1 Fighting
 - Level 8.0 Axes
 * Level 2.5 Armour
 - Level 2.6 Shields


You had 7 spell levels left.
You didn't know any spells.

Dungeon Overview and Level Annotations

Branches:
Dungeon (6/15)
 Temple: D:4-7

Altars:
Fedhas
Gozag
Hepliaklqana
Sif Muna
Trog
Vehumet
Zin

Annotations:
D:2 1 runed door
D:4 exclusion: oklob plant
D:6 Prince Ribbit


Innate Abilities, Weirdness & Mutations

You have razor-sharp teeth.
Your natural rate of healing is unusually fast.
When hurt, damage is shared between your health and your magic reserves.
Your bite disrupts and absorbs the magic of your enemies.
Potions and wands cannot restore your health.
You are immune to rotting.


Message History

Prince Ribbit hits you but does no damage.
You closely miss Prince Ribbit. Your bite misses Prince Ribbit.
Prince Ribbit is heavily wounded.
Prince Ribbit blinks!
Prince Ribbit hops awkwardly around.
You closely miss Prince Ribbit. Your bite misses Prince Ribbit.
Prince Ribbit is heavily wounded.
Prince Ribbit hops awkwardly around.
Prince Ribbit hits you!
You closely miss Prince Ribbit.
Prince Ribbit is heavily wounded.
Prince Ribbit hits you but does no damage.
Prince Ribbit hits you!
* * * LOW HITPOINT WARNING * * *
Prince Ribbit hits you!
* * * LOW HITPOINT WARNING * * *
Prince Ribbit hits you.
* * * LOW HITPOINT WARNING * * *
Prince Ribbit hits you!
You die...

###..### #.# .......# #.#
###..#.# ##.## .....#.#
#...#### ###..#.#
###......#
###..#.####.#...##.# #
..#..........#####.#.#
#.#.##.##..>#.####.#.#
#.#.##.#.(......@F...#
#.#.#..(....#.###..###
#.#...............#.......
...##...###.###...#......
.......## #.# #..####...≈
...##### #.# #...# ....
#.## #.# ##..# .#.. #.#
#.# #..###≈#≈≈ #.#
#######.#####.....#


You could see Prince Ribbit.

Vanquished Creatures
  The ghost of AAAAA the Carver, a novice HEAr (D:6)
  Menkaure (D:5)
  An ice beast (D:6)
  A sky beast (D:5)
  A centaur (D:6)
  An orc priest (D:4)
  2 jellies
  A hound (D:4)
  7 orc wizards
  Natasha (thrice) (D:3)
  5 worker ants
  A worker ant zombie (D:5)
  5 adders
  An ooze (D:3)
  5 worms
  5 dart slugs
  3 leopard geckos
  10 orcs
  6 giant cockroaches
  8 goblins
  10 hobgoblins
  3 jackals (D:1)
  4 kobolds
  2 quokkas
  2 ball pythons
  4 bats
  5 frilled lizards
  A giant cockroach zombie (D:5)
  A jackal skeleton (D:4)
  A jackal zombie (D:5)
  12 rats
113 creatures vanquished.

Vanquished Creatures (others)
  7 toadstools (D:4)
7 creatures vanquished.

Grand Total: 120 creatures vanquished

Notes
Turn   | Place    | Note
-------+----------+-------------------------------------------
     0 | D:1      | PhynixH2O the Vine Stalker Fighter began the quest for the Orb.
     0 | D:1      | Reached XP level 1. HP: 11/11 MP: 2/2
    64 | D:1      | Reached skill level 2 in Axes
   108 | D:1      | Reached XP level 2. HP: 16/16 MP: 3/3
   449 | D:1      | Reached XP level 3. HP: 14/20 MP: 4/4
  1033 | D:2      | Reached skill level 3 in Axes
  1226 | D:2      | Gained mutation: Your natural rate of healing is unusually fast. [Vine Stalker growth]
  1226 | D:2      | Reached XP level 4. HP: 24/24 MP: 5/5
  1506 | D:2      | Found a bloodstained altar of Trog.
  1565 | D:2      | Found a hazy altar of Hepliaklqana.
  1565 | D:2      | Found a faded altar of an unknown god.
  1575 | D:2      | Found a faded altar of an unknown god.
  1582 | D:2      | Found a faded altar of an unknown god.
  1584 | D:2      | Found a faded altar of an unknown god.
  1757 | D:2      | Found a runed door.
  1921 | D:3      | Found a deep blue altar of Sif Muna.
  2166 | D:3      | Reached XP level 5. HP: 25/28 MP: 6/6
  2284 | D:3      | Found a radiant altar of Vehumet.
  2337 | D:3      | Reached skill level 4 in Axes
  2517 | D:3      | Noticed Natasha
  2526 | D:3      | Killed Natasha
  2558 | D:3      | Noticed Natasha
  2578 | D:3      | Killed Natasha
  2578 | D:3      | Reached XP level 6. HP: 25/33 MP: 7/7
  2689 | D:3      | Noticed Natasha
  2698 | D:3      | Killed Natasha
  2795 | D:4      | Reached skill level 5 in Axes
  2902 | D:5      | Entered Level 5 of the Dungeon
  2902 | D:5      | Noticed a sky beast
  3156 | D:4      | Reached XP level 7. HP: 38/38 MP: 8/8
  3166 | D:4      | Found a glowing silver altar of Zin.
  3297 | D:4      | Found a blossoming altar of Fedhas.
  3340 | D:4      | Noticed an oklob plant
  3402 | D:5      | Noticed Menkaure
  3583 | D:5      | Killed Menkaure
  3583 | D:5      | Reached skill level 6 in Axes
  3616 | D:5      | Reached skill level 5 in Fighting
  3801 | D:5      | Found an opulent altar of Gozag.
  4012 | D:5      | Gained mutation: You have razor-sharp teeth. [Vine Stalker growth]
  4012 | D:5      | Reached XP level 8. HP: 43/43 MP: 9/9
  4147 | D:6      | Reached skill level 7 in Axes
  4329 | D:6      | Noticed AAAAA's ghost (novice HEAr)
  4368 | D:6      | Killed AAAAA's ghost
  4368 | D:6      | Reached skill level 8 in Axes
  4447 | D:6      | Noticed Prince Ribbit
  4697 | D:6      | HP: 2/44 [Prince Ribbit (3)]
  4700 | D:6      | Slain by Prince Ribbit

Skill      XL: |  1  2  3  4  5  6  7  8 |
---------------+-------------------------+-----
Axes           | 2 3 4 5 6 8 |  8.0
Fighting       | 3 4 5 6 |  6.1
Armour         | |  2.5
Shields        | |  2.6

Action                   |  1- 3 |  4- 6 |  7- 9 || total
-------------------------+-------+-------+-------++-------
Melee: War axe           |    85 |   166 |   106 ||   357
       Bite              |    11 |    66 |    38 ||   115
Evoke: Wand              |       |       |     2 ||     2
  Use: Scroll            |       |    11 |     3 ||    14
       Potion            |       |     4 |     3 ||     7
 Stab: Sleeping          |       |     1 |       ||     1
  Eat: Chunk             |     1 |     7 |     5 ||    13
Armor: Scale mail        |    33 |    64 |    28 ||   125
Dodge: Dodged            |    17 |    37 |    21 ||    75
Block: Shield            |    38 |    65 |    39 ||   142
